 Dungeon Crawl Stone Soup version 0.28.0 (webtiles) character file.

Game seed: 18003028623023787590

1 bromine the Caller (level 1, 0/14 HPs)
             Began as a Demigod Summoner on Feb 10, 2022.
             Slain by a hobgoblin (2 damage)
             ... on level 1 of the Dungeon.
             The game lasted 00:01:33 (541 turns).

bromine the Caller (Demigod Summoner)                Turns: 541, Time: 00:01:35

Health: 0/14       AC:  2    Str:  9    XL:     1   Next: 13%
Magic:  4/5        EV: 12    Int: 17    God:
Gold:   14         SH:  0    Dex: 14    Spells: 2/3 levels left

rFire   . . .      SeeInvis .   (no weapon)
rCold   . . .      Faith    .   (no shield)
rNeg    . . .      Spirit   .   a - +0 robe
rPois   .          Reflect  .   (no helmet)
rElec   .          Harm     .   (no cloak)
rCorr   .          Rampage  .   (no gloves)
Will    .....                   (no boots)
Stlth   ++........              (no amulet)
HPRegen 0.04/turn               b - ring of flight
MPRegen 0.09/turn               (no ring)

@: flying
A: high MP 1, forlorn, divine attributes
a: no special abilities


You were on level 1 of the Dungeon.
You visited 1 branch of the dungeon, and saw 1 of its levels.

You collected 14 gold pieces.

Inventory:

Armour
 a - a +0 robe (worn)
Jewellery
 b - a ring of flight (left hand)
Scrolls
 c - a scroll of vulnerability {unknown}


   Skills:
 + Level 1.7 Dodging
 + Level 1.7 Stealth
 + Level 1.7 Spellcasting
 + Level 3.6 Summonings


You had 2 spell levels left.
You knew the following spells:

 Your Spells              Type           Power      Damage    Failure   Level
a - Summon Small Mammal   Summ           56%        N/A       4%          1

Your spell library contained the following spells:

 Spells                   Type           Power      Damage    Failure   Level
 Call Imp                 Summ           14%        N/A       7%          2
 Call Canine Familiar     Summ           14%        N/A       13%         3
 Summon Guardian Golem    Hex/Summ       7%         N/A       28%         3
 Summon Lightning Spire   Summ/Air       7%         N/A       67%         4


Dungeon Overview and Level Annotations

Branches:
Dungeon (1/15)


Innate Abilities, Weirdness & Mutations

You have an increased reservoir of magic. (+10% MP)
You shall have no god before yourself.
Your divine heritage dramatically boosts your attributes as you level up.


Message History

Your bat hits the bat. The hobgoblin misses you. The bat misses your bat.
You hit the hobgoblin but do no damage. The bat completely misses you.
The hobgoblin hits you but does no damage.
Your bat barely misses the bat.
You completely miss the hobgoblin. You punch the hobgoblin.
The hobgoblin is lightly wounded.
Your bat barely misses the bat.
The bat hits you but does no damage.
Your bat hits the bat. The hobgoblin barely misses you.
The hobgoblin closely misses your bat.
Your bat closely misses the hobgoblin.
You barely miss the hobgoblin.
The hobgoblin is lightly wounded.
Your bat barely misses the bat.
The bat barely misses you.
Your bat hits the bat but does no damage.
The kobold barely misses your bat. The hobgoblin closely misses you.
The hobgoblin hits your bat.
Your bat dies!
Your bat's corpse disappears in a puff of smoke!
The bat completely misses you.
Casting: Summon Small Mammal (safe; 4% risk of failure)
Confirm with . or Enter, or press ? or * to list all spells.
The bat closely misses you. The hobgoblin hits you.
You hit the hobgoblin but do no damage.
The hobgoblin is lightly wounded.
The bat hits you but does no damage. The hobgoblin closely misses you.
You hit the hobgoblin.
The hobgoblin is moderately wounded.
The bat closely misses you. The hobgoblin closely misses you.
The kobold hits you but does no damage.
Your rat barely misses the hobgoblin.
You barely miss the hobgoblin.
The hobgoblin is moderately wounded.
The bat barely misses you. The hobgoblin hits you. The kobold misses you.
The hobgoblin misses you.
Your rat completely misses the hobgoblin.
You hit the hobgoblin.
The hobgoblin is heavily wounded.
The bat misses you. The hobgoblin misses you.
The kobold hits you with a +0 whip.
* * * LOW HITPOINT WARNING * * *
The hobgoblin hits you.
You die...

......#.#.##.#
...............+...##.#
...............#.####.#
.................# #.#
.................# #.#
.................# #.#
##...............# #.#
......gb.........# #.#
......g@.........# #.#
...>.rK.#.#....## #.#
........#.# ...######.#
........#.# ..##.....#
........#.# .##.#####
........#.# ##...#
#########.# ###.# #.#
#.# #.# #.#


You could see 2 hobgoblins, a bat, a kobold and a friendly rat (summoned).

Vanquished Creatures (collateral kills)
  An endoplasm (D:1)
1 creature vanquished.

Notes
Turn   | Place    | Note
-------+----------+-------------------------------------------
     0 | D:1      | bromine the Demigod Summoner began the quest for the Orb.
     0 | D:1      | Reached XP level 1. HP: 14/14 MP: 5/5
   541 | D:1      | Slain by a hobgoblin

Illustrated notes

Levels and vault maps discovered:
D:1:      dpeg_arrival_windows_large_door, layout_basic,
          hellmonk_ecumenical_altar_pennies_from_heaven, serial_shops,
          nicolae_shop_overgrown_old_shop

Action                   || total
-------------------------++-------
Melee: Unarmed           ||    19
       Punch             ||     1
 Cast: Summon Small Mamm ||     3
Armor: Robe              ||     8
Dodge: Dodged            ||    24
